Kradschützen Motorcycle Team
Selects Armored Support Battlegroup
Selects Armored Support Battlegroup
Construct Light Support Kompanie
Selects Superior Fire Drills
Construct Mechanized Kompanie
Panzerjäger Mechanized Group
Marder III Tank Destroyer
Selects Flammpanzer III Medium Tank Sd.Kfz. 141
254 Reconnaissance Tractor
Construct Panzerarmee Kommand
18-tonne Recovery Half-track
Selects Vehicle Awareness
Selects Command Panzer IV F Medium Tank
Flak 36 Anti-tank Gun Team
Walking Stuka Rocket Launcher